Map: Тритон РВ

Players

IIIIIIIIIIII - Winner!

  • Race: Protoss Protoss
  • League: Master
  • Spawn Location: 5:00

Argon

  • Race: Zerg Zerg
  • League: Grandmaster
  • Spawn Location: 11:00

VOD

Have the link to the VOD?

Description

Time

  • Played on: Oct. 4, 2019, 10:42 a.m.
  • Length: 6:29
Show
View Real Time Build Order
Export as new Build Order

IIIIIIIIIIII Protoss - Winner!

Build Orders: 1 Gate Expand 

Get SALT Encoding   

  12  0:00  Probe  
  13  0:13  Probe  
  14  0:17  Pylon  
  14  0:25  Probe (Chrono Boost)  
  15  0:37  Probe (Chrono Boost)  
  15  0:38  Gateway  
  16  0:44  Probe (Chrono Boost)  
  16  0:47  Assimilator  
  17  0:51  Probe  
  18  1:03  Probe  
  19  1:15  Probe  
  20  1:26  Nexus  
  20  1:34  Cybernetics Core  
  20  1:36  Probe  
  21  1:42  Assimilator  
  21  1:48  Probe  
  21  1:51  Pylon  
  22  2:00  Probe  
  23  2:09  Stalker (Chrono Boost)  
  23  2:13  Warp Gate, Probe (Chrono Boost)  
  27  2:23  Probe (Chrono Boost)  
  27  2:28  Probe (Chrono Boost)  
  28  2:32  Adept  
  28  2:36  Robotics Facility  
  30  2:38  Probe (Chrono Boost)  
  32  2:45  Probe (Chrono Boost)  
  32  2:47  Probe (Chrono Boost)  
  34  2:52  Probe (Chrono Boost)  
  34  2:53  Probe  
  34  2:55  Pylon  
  35  3:02  Sentry  
  35  3:03  Probe  
  38  3:05  Probe  
  39  3:13  Gateway  
  39  3:15  Probe  
  39  3:17  Probe  
  41  3:26  Immortal (Chrono Boost)  
  41  3:27  Probe  
  41  3:30  Probe  
  47  3:39  Gateway x2  
  47  3:48  Pylon  
  47  3:51  Probe  
  47  3:55  Immortal (Chrono Boost)  
  52  4:04  Sentry  
  54  4:10  Gateway  
  54  4:11  Gateway  
  54  4:23  Gateway x2  
  54  4:24  Warp Prism (Chrono Boost)  
  54  4:25  Sentry  
  54  4:29  Pylon, Sentry  
  60  4:35  Zealot  
  62  4:39  Pylon  
  62  4:44  Pylon  
  62  4:51  Pylon, Zealot x2  
  66  4:54  Observer (Chrono Boost)  
  66  4:59  Zealot x2  
  71  5:16  Zealot, Sentry, Stalker  
  71  5:17  Zealot x3  
  71  5:20  Stalker  
  85  5:41  Adept  
  85  5:42  Adept x3  
  93  6:01  Stalker x2  
  93  6:02  Zealot x2  
  93  6:17  Zealot x4  
Show
View Real Time Build Order
Export as new Build Order

Argon Zerg 

Build Orders: Hatch First 

Get SALT Encoding   

  12  0:01  Drone  
  13  0:13  Overlord  
  13  0:18  Drone  
  14  0:32  Drone x2  
  16  0:51  Hatchery  
  16  0:53  Drone  
  16  0:56  Drone  
  17  1:00  Drone  
  18  1:11  Extractor  
  17  1:16  Spawning Pool  
  17  1:18  Drone  
  17  1:23  Drone  
  18  1:29  Drone  
  19  1:40  Overlord  
  19  1:50  Drone  
  20  2:02  Queen  
  20  2:03  Zergling x4  
  20  2:04  Queen  
  26  2:12  Drone  
  26  2:14  Metabolic Boost  
  27  2:17  Drone  
  28  2:37  Hatchery  
  28  2:41  Drone  
  28  2:47  Queen  
  30  2:52  Pneumatized Carapace  
  30  2:55  Drone  
  30  2:56  Drone  
  32  3:03  Overlord  
  32  3:05  Drone  
  32  3:08  Drone  
  32  3:12  Drone  
  34  3:23  Overlord, Queen  
  36  3:31  Drone x3  
  39  3:37  Lair  
  39  3:41  Overlord  
  39  3:50  Zergling x6  
  42  3:57  Drone x5  
  42  4:01  Overlord  
  47  4:08  Queen  
  49  4:15  Queen  
  51  4:17  Drone x2  
  53  4:25  Overlord  
  53  4:34  Queen  
  55  4:38  Zergling x2  
  55  4:39  Zergling x8, Nydus Network  
  55  4:40  Overlord  
  57  4:46  Queen  
  58  4:55  Queen  
  58  4:59  Zergling x2  
  61  5:00  Zergling x12  
  61  5:04  Baneling Nest  
  66  5:07  Zergling x4  
  66  5:08  Zergling x2  
  66  5:10  Zergling x2  
  66  5:11  Zergling x2  
  71  5:18  Zergling x8  
  75  5:22  Nydus Canal  
  73  5:36  Zergling x14  
  73  5:37  Zergling x2  
  78  5:50  Baneling  
  78  5:51  Baneling x5  
  73  5:57  Zergling x2  
  73  5:58  Zergling x8  
  73  6:04  Baneling x2  
  72  6:05  Zergling x6  
Tags
 
Add a new tag
Caveats
  • Supply blocks, unpowered buildings, or Contaminate may cause inaccurate times.
  • Supply counts are checked every 10 seconds.